AoeStats
← Malelf

Arabia

509575560Analyzed
1v1 RM · 4d ago on Sep 27, 2026· 36m 39s· 2 players
Game mode
Random Map
Map size
Tiny (2 player)
Population
200
Speed
Normal
Resources
Standard
Victory
Conquest
Starting age
Dark Age
Ending age
Imperial Age
RankedLock teamsTeams togetherTeam positionsShared explorationLock speedFull tech treeHidden civsTurbo modeCheats
Victory
Defeat
🇮🇹 Mongols · Italy
1658
+20
1745
-20
别问,问就是爱过
6:58 Loom
9:43 Feudal Age
10:29 Double-Bit Axe
15:51 Fletching
18:21 Town Watch
21:03 Castle Age
19:39 Padded Archer Armor
19:46 Scale Barding Armor
19:52 Scale Barding Armor
20:18 Bloodlines
21:44 Wheelbarrow
21:22 Forging
21:40 Bodkin Arrow
21:13 Crossbowman
27:26 Wheelbarrow
27:12 Bow Saw
29:06 Chain Barding Armor
30:59 Wheelbarrow
33:22 Husbandry
34:28 Forging
33:44 Vendel Legacy
35:03 Forging
36:30 Hand Cart
Malelf
8:54 Feudal Age
9:26 Double-Bit Axe
16:40 Loom
18:08 Loom
18:24 Gold Mining
20:50 Castle Age
19:24 Horse Collar
19:39 Fletching
20:41 Bloodlines
21:46 Bow Saw
21:00 Light Cavalry
21:51 Bodkin Arrow
22:54 Scale Barding Armor
25:31 Padded Archer Armor
26:51 Leather Archer Armor
27:35 Ballistics
29:32 Wheelbarrow
28:58 Husbandry
30:31 Town Watch
33:12 Chain Barding Armor
33:03 Forging
33:31 Hand Cart
35:54 Imperial Age
34:18 Stone Mining
35:32 Iron Casting
35:43 Heavy Plow
37:01 Bracer
Connection lost

Rejoining the realm…

Still unreachable

The connection could not be restored.

Session expired

The server has moved on; the page needs a fresh start.